 Dungeon Crawl Stone Soup version 0.25.1-1-g288607f5aa (webtiles) character file.

Game seed: 1984335955481244106

16162 protoss039 the Blocker (level 12, -9/145 HPs)
             Began as a Gnoll Fighter on July 28, 2020.
             Was a High Priest of Okawaru.
             Splashed by an acid dragon's acid (12 damage)
             ... on level 12 of the Dungeon on July 29, 2020.
             The game lasted 00:55:48 (15395 turns).

protoss039 the Blocker (Gnoll Fighter)             Turns: 15395, Time: 00:55:49

Health: -9/145     AC: 14    Str: 18      XL:     12   Next: 34%
Magic:  30/31      EV:  2    Int: 15 (16) God:    Okawaru [*****.]
Gold:   2415       SH: 19    Dex: 21      Spells: 25/25 levels left

rFire    + . .     SeeInvis .   z - +3 spear of Doubt {flame, rElec rPois rC++}
rCold    + + .     Gourm    .   c - +0 kite shield
rNeg     + + +     Faith    .   (armour currently unavailable)
rPois    +         Spirit   .   (helmet currently unavailable)
rElec    +         Reflect  +   (cloak currently unavailable)
rCorr    .         Harm     .   (gloves currently unavailable)
MR       .....     NoTele   +   (boots currently unavailable)
Stlth    +++++.....             q - amulet of reflection
HPRegen  0.34/turn              C - +4 ring of protection
MPRegen  0.22/turn              A - ring "Yche" {rPois rF+ MP+9 Dex+6}

@: tree-form, heroism, corroded, hasted, very quick
A: distributed training, strong nose
a: Heroism, Finesse, Renounce Religion


You were on level 12 of the Dungeon.
You worshipped Okawaru.
Okawaru was extremely pleased with you.
You were not hungry.
You were a tree.
You visited 1 branch of the dungeon, and saw 12 of its levels.
You also visited: Ossuary.

You collected 2415 gold pieces.

Inventory:

Hand Weapons
 z - the +3 spear of Doubt (weapon) {flame, rElec rPois rC++}
   (You found it on level 4 of the Dungeon)

   It has been specially enchanted to burn those struck by it, causing extra
   injury to most foes and up to half again as much damage against particularly
   susceptible opponents.
   It greatly protects you from cold.
   It insulates you from electricity.
   It protects you from poison.
Armour
 c - a +0 kite shield (worn)
 h - a +0 pair of gloves (melded)
 H - a +0 chain mail (melded)
 N - a scarf of invisibility (melded)
 Q - a +2 pair of boots (melded)
 R - a +0 helmet (melded)
Jewellery
 g - an uncursed ring of see invisible
 m - an uncursed ring of protection from magic
 n - a cursed amulet of inaccuracy {unknown}
 q - an amulet of reflection (around neck)
 A - the ring "Yche" (right branch) {rPois rF+ MP+9 Dex+6}
   (You found it on level 4 of the Dungeon)

   [ring of dexterity]

   It affects your dexterity (+6).
   It protects you from fire.
   It protects you from poison.
   It affects your magic capacity (+9).
 C - a +4 ring of protection (left branch)
 D - a +4 ring of evasion {unknown}
 X - an uncursed ring of resist corrosion
Wands
 b - a wand of polymorph (8)
 M - a wand of clouds (4)
 V - a wand of paralysis (8)
Scrolls
 l - a scroll of enchant armour
 r - 8 scrolls of remove curse {unknown}
 t - 3 scrolls of fog {unknown}
 u - 7 scrolls of teleportation
 v - 2 scrolls of blinking
 x - 2 scrolls of magic mapping
 y - 3 scrolls of random uselessness {unknown}
 E - a scroll of holy word
 F - a scroll of fear
 G - 3 scrolls of enchant weapon
 K - 3 scrolls of immolation {unknown}
Potions
 a - a potion of ambrosia {unknown}
 d - 4 potions of might
 e - a potion of magic {unknown}
 i - 2 potions of heal wounds {unknown}
 j - 4 potions of lignification
 k - 3 potions of degeneration {unknown}
 o - 4 potions of haste
 p - a potion of berserk rage {unknown}
 s - 3 potions of flight {unknown}
 w - 7 potions of curing
 B - 2 potions of mutation {unknown}
 I - 2 potions of stabbing {unknown}
 J - 2 potions of resistance {unknown}
 L - 2 potions of cancellation {unknown}
Comestibles
 f - 21 rations


   Skills:
 + Level 9.7(14.7) Fighting
 + Level 7.1(12.1) Short Blades
 + Level 7.1(12.1) Long Blades
 + Level 8.5(13.5) Axes
 + Level 7.1(12.1) Maces & Flails
 + Level 7.1(12.1) Polearms
 + Level 7.1(12.1) Staves
 + Level 7.1(12.1) Slings
 + Level 7.1(12.1) Bows
 + Level 7.1(12.1) Crossbows
 + Level 7.1(12.1) Throwing
 + Level 9.7(14.7) Armour
 + Level 7.1(12.1) Dodging
 + Level 7.1(12.1) Stealth
 + Level 9.7(14.7) Shields
 + Level 7.1(12.1) Unarmed Combat
 + Level 7.1 Spellcasting
 + Level 5.8 Conjurations
 + Level 5.8 Hexes
 + Level 5.8 Charms
 + Level 5.8 Summonings
 + Level 5.8 Necromancy
 + Level 5.8 Translocations
 + Level 5.8 Transmutations
 + Level 5.8 Fire Magic
 + Level 5.8 Ice Magic
 + Level 5.8 Air Magic
 + Level 5.8 Earth Magic
 + Level 5.8 Poison Magic
 + Level 7.7 Invocations
 + Level 7.1 Evocations


You had 25 spell levels left.
You didn't know any spells.
Your spell library was empty.

Dungeon Overview and Level Annotations

Branches:
Dungeon (12/15)            Temple (0/1) D:4            Lair (0/6) D:10
Ossuary (visited)
    Orc: D:9-12

Altars:
Cheibriados
Dithmenos
Fedhas
Hepliaklqana
Makhleb
Nemelex Xobeh
Okawaru
Ru
Sif Muna
Uskayaw
Wu Jian
Zin
The Shining One

Shops:
D:9 %


Innate Abilities, Weirdness & Mutations

Your experience applies equally to all skills.
((You have very sharp teeth.))
Your uncanny sense of smell can sniff out nearby items.


Message History

Aim: an acid dragon (poison gas, almost dead)
You hit the acid dragon but do no damage.
The acid dragon is almost dead.
Evoke which item? (* to show all) (? for menu, Esc to quit)
Attack whom?
Press: ? - help, Dir - move target cursor, f/p - acid dragon
Aim: an acid dragon (poison gas, almost dead)
You hit the acid dragon but do no damage.
The acid dragon is almost dead.
Evoke which item? (* to show all) (? for menu, Esc to quit)
Attack whom?
Press: ? - help, Dir - move target cursor, f/p - acid dragon
Aim: an acid dragon (poison gas, almost dead)
You hit the acid dragon but do no damage.
The acid dragon is almost dead.
The acid dragon spits acid at you. The splash of acid hits you!
* * * LOW HITPOINT WARNING * * *
The acid corrodes you!
You are splashed with acid!
You die...

∆ ∆ ..# ∆ ∆ ..# ∆ ..# ∆
..# ..####
###################.§§....
.#....'.#..#..#..#°§§#...#
.##'###.........♣D§§§§....
..............##+#####...#
.#..#...#..#..# #
..............#
.#'#####+###### .#...
.#.... .#..## ##.^#


You could see an acid dragon (catching breath).

Vanquished Creatures
  A two-headed ogre (D:8)
  Urug (D:10)
  Nergalle (D:10)
  A glowing orange brain (D:11)
  Pikel (D:6)
  2 deep elf magi
  A manticore (D:11)
  An elephant (D:10)
  Psyche (D:10)
  A gargoyle (D:10)
  2 trolls
  A slime creature (D:9)
  2 hippogriffs
  A shadow (D:9)
  4 water elementals (D:11)
  A vampire (D:10)
  A spriggan (D:10)
  7 yaks
  Sigmund (D:5)
  4 wraiths
  4 hungry ghosts
  A basilisk (D:10)
  2 vampire mosquitoes (D:12)
  A soldier ant (D:11)
  2 acid dragons
  2 water moccasins
  4 orc warriors
  An ice beast (D:9)
  A slave (D:6)
  2 sky beasts
  4 ogres
  A necrophage (D:9)
  An eye of draining (D:10)
  3 centaurs
  An elf zombie (Ossuary)
  2 crocodiles (D:10)
  7 bullfrogs
  A big kobold (D:7)
  7 scorpions
  5 wights (D:10)
  3 killer bees (D:9)
  4 howler monkeys
  4 crimson imps
  3 bullfrog zombies
  A human zombie (Ossuary)
  5 centaur zombies
  2 centaur skeletons
  7 jellies
  3 orc priests
  7 hounds
  14 orc wizards
  A bullfrog skeleton (D:5)
  Jessica (D:3)
  5 iguanas
  2 worker ants
  A killer bee zombie (D:9)
  4 big kobold zombies (Ossuary)
  2 hound zombies
  2 hound skeletons (D:5)
  3 mummies
  10 gnolls
  11 adders
  4 shadow imps
  2 oozes
  4 adder zombies
  2 adder skeletons
  5 worms
  3 leopard geckos
  61 orcs
  3 giant cockroaches
  4 goblins
  9 hobgoblins
  2 jackals (D:9)
  7 quokkas
  2 ball pythons (D:1)
  3 bats
  4 frilled lizards
  6 hobgoblin zombies (Ossuary)
  A jackal zombie (Ossuary)
  10 kobolds
  14 kobold zombies (Ossuary)
  7 orc zombies (Ossuary)
  2 quokka zombies
  4 rats
341 creatures vanquished.

Vanquished Creatures (collateral kills)
  Josephine (D:10)
1 creature vanquished.

Vanquished Creatures (others)
  A gnoll (D:6)
  An adder (D:10)
2 creatures vanquished.

Grand Total: 344 creatures vanquished

Notes
Turn   | Place    | Note
-------+----------+-------------------------------------------
     0 | D:1      | protoss039 the Gnoll Fighter began the quest for the Orb.
     0 | D:1      | Reached XP level 1. HP: 23/23 MP: 1/1
    72 | D:1      | Reached XP level 2. HP: 25/29 MP: 2/2
   868 | D:2      | Reached XP level 3. HP: 32/35 MP: 3/3
   960 | D:2      | Reached skill level 1 in Invocations
   964 | D:2      | Reached skill level 1 in Short Blades
   964 | D:2      | Reached skill level 1 in Long Blades
   964 | D:2      | Reached skill level 1 in Maces & Flails
   964 | D:2      | Reached skill level 1 in Polearms
   964 | D:2      | Reached skill level 1 in Staves
   964 | D:2      | Reached skill level 1 in Slings
   964 | D:2      | Reached skill level 1 in Bows
   964 | D:2      | Reached skill level 1 in Crossbows
   964 | D:2      | Reached skill level 1 in Throwing
   964 | D:2      | Reached skill level 1 in Dodging
   964 | D:2      | Reached skill level 1 in Stealth
   964 | D:2      | Reached skill level 1 in Unarmed Combat
   964 | D:2      | Reached skill level 1 in Spellcasting
   964 | D:2      | Reached skill level 1 in Evocations
   969 | D:2      | Reached XP level 4. HP: 33/41 MP: 5/5
  1095 | D:2      | Found a faded altar of an unknown god.
  1608 | D:3      | Noticed a centaur
  1614 | D:3      | Killed a centaur
  1614 | D:3      | Reached skill level 1 in Conjurations
  1614 | D:3      | Reached skill level 1 in Hexes
  1614 | D:3      | Reached skill level 1 in Charms
  1614 | D:3      | Reached skill level 1 in Summonings
  1614 | D:3      | Reached skill level 1 in Necromancy
  1614 | D:3      | Reached skill level 1 in Translocations
  1614 | D:3      | Reached skill level 1 in Transmutations
  1614 | D:3      | Reached skill level 1 in Fire Magic
  1614 | D:3      | Reached skill level 1 in Ice Magic
  1614 | D:3      | Reached skill level 1 in Air Magic
  1614 | D:3      | Reached skill level 1 in Earth Magic
  1614 | D:3      | Reached skill level 1 in Poison Magic
  1614 | D:3      | Reached XP level 5. HP: 40/47 MP: 5/7
  1684 | D:3      | Noticed Jessica
  1687 | D:3      | Killed Jessica
  1907 | D:3      | Reached XP level 6. HP: 53/53 MP: 8/8
  2149 | D:3      | Reached skill level 5 in Axes
  2578 | D:3      | Found an iron altar of Okawaru.
  2581 | D:3      | Found a burning altar of Makhleb.
  2601 | D:3      | Found a shimmering blue altar of Sif Muna.
  2602 | D:3      | Found a hide-covered altar of Uskayaw.
  2602 | D:3      | Found a hazy altar of Hepliaklqana.
  2604 | D:3      | Found an ornate altar of the Wu Jian Council.
  2605 | D:3      | Found a sparkling altar of Nemelex Xobeh.
  2607 | D:3      | Found a sacrificial altar of Ru.
  2616 | D:3      | Became a worshipper of Warmaster Okawaru
  2929 | D:4      | Got a blackened spear
  2930 | D:4      | Identified the +3 spear of Doubt {flame, rElec rPois rC++}
                  | (You found it on level 4 of the Dungeon)
  3064 | D:4      | Got a scorched bone ring
  3109 | D:4      | Identified the ring "Yche" {rPois rF+ MP+9 Dex+6} (You
                  | found it on level 4 of the Dungeon)
  3125 | D:4      | Reached XP level 7. HP: 46/59 MP: 10/10
  3224 | D:4      | Found a blossoming altar of Fedhas.
  3224 | D:4      | Found a glowing silver altar of Zin.
  3225 | D:4      | Found a glowing golden altar of the Shining One.
  3490 | D:4      | Found a staircase to the Ecumenical Temple.
  3626 | D:5      | Entered Level 5 of the Dungeon
  3713 | D:5      | Reached * piety under Okawaru
  3991 | D:5      | Noticed Sigmund
  4006 | D:5      | Killed Sigmund
  4006 | D:5      | Reached XP level 8. HP: 59/67 MP: 12/12
  4407 | D:6      | Noticed Pikel
  4433 | D:6      | Killed Pikel
  4458 | D:6      | Found a sand-covered staircase.
  4473 | Ossuary  | Entered an ossuary
  4644 | Ossuary  | Reached ** piety under Okawaru
  4685 | Ossuary  | Reached XP level 9. HP: 71/72 MP: 14/14
  6754 | D:8      | Reached *** piety under Okawaru
  6772 | D:7      | Reached skill level 5 in Invocations
  6778 | D:7      | HP: 2/74 [yak (3)]
  7331 | D:8      | Noticed a two-headed ogre
  7350 | D:8      | Killed a two-headed ogre
  7350 | D:8      | Received a gift from Okawaru
  7350 | D:8      | Reached XP level 10. HP: 10/80 MP: 17/17
  7693 | D:8      | Reached skill level 5 in Short Blades
  7693 | D:8      | Reached skill level 5 in Long Blades
  7693 | D:8      | Reached skill level 5 in Maces & Flails
  7693 | D:8      | Reached skill level 5 in Polearms
  7693 | D:8      | Reached skill level 5 in Staves
  7693 | D:8      | Reached skill level 5 in Slings
  7693 | D:8      | Reached skill level 5 in Bows
  7693 | D:8      | Reached skill level 5 in Crossbows
  7693 | D:8      | Reached skill level 5 in Throwing
  7693 | D:8      | Reached skill level 5 in Dodging
  7693 | D:8      | Reached skill level 5 in Stealth
  7693 | D:8      | Reached skill level 5 in Unarmed Combat
  7693 | D:8      | Reached skill level 5 in Spellcasting
  7693 | D:8      | Reached skill level 5 in Evocations
  8367 | D:8      | Received a gift from Okawaru
  8409 | D:9      | Found Huawned's Food Shop.
  8534 | D:9      | Noticed a two-headed ogre
  8535 | D:9      | a two-headed ogre changed into a slime creature
  8759 | D:9      | Got a fine quarterstaff
  8808 | D:9      | Found a sacrificial altar of Ru.
  8838 | D:9      | Reached **** piety under Okawaru
  9097 | D:9      | Found a shadowy altar of Dithmenos.
  9107 | D:9      | Found a snail-covered altar of Cheibriados.
  9525 | D:9      | Reached XP level 11. HP: 79/87 MP: 19/19
  9716 | D:10     | Entered Level 10 of the Dungeon
  9740 | D:10     | Found a staircase to the Lair.
  9814 | D:10     | Reached ***** piety under Okawaru
  9919 | D:10     | Noticed Josephine
 10351 | D:10     | Reached skill level 5 in Conjurations
 10351 | D:10     | Reached skill level 5 in Hexes
 10351 | D:10     | Reached skill level 5 in Charms
 10351 | D:10     | Reached skill level 5 in Summonings
 10351 | D:10     | Reached skill level 5 in Necromancy
 10351 | D:10     | Reached skill level 5 in Translocations
 10351 | D:10     | Reached skill level 5 in Transmutations
 10351 | D:10     | Reached skill level 5 in Fire Magic
 10351 | D:10     | Reached skill level 5 in Ice Magic
 10351 | D:10     | Reached skill level 5 in Air Magic
 10351 | D:10     | Reached skill level 5 in Earth Magic
 10351 | D:10     | Reached skill level 5 in Poison Magic
 10538 | D:10     | Noticed a deep elf mage
 10555 | D:10     | Killed a deep elf mage
 10791 | D:10     | Received a gift from Okawaru
 10825 | D:10     | Noticed Psyche
 10856 | D:10     | Killed Psyche
 10900 | D:10     | Killed Josephine
 11893 | D:10     | Noticed Nergalle
 11896 | D:10     | Noticed a spectral orc warlord
 11944 | D:10     | Killed Nergalle
 12556 | D:10     | Identified a scroll of acquirement
 12565 | D:10     | Acquired 1660 gold pieces
 12620 | D:11     | Noticed a manticore
 12623 | D:11     | Noticed Urug
 12625 | D:11     | Killed a manticore
 12833 | D:10     | Killed Urug
 13306 | D:11     | Reached XP level 12. HP: 46/96 MP: 22/22
 13332 | D:11     | Received a gift from Okawaru
 13783 | D:11     | Noticed a two-headed ogre
 13790 | D:11     | a two-headed ogre changed into a glowing orange brain
 15152 | D:12     | Received a gift from Okawaru
 15380 | D:12     | HP: 2/97 [acid (8)]
 15395 | D:12     | HP: 3/145 [acid dragon/splash of acid (12)]
 15395 | D:12     | Splashed by an acid dragon's acid

Illustrated notes

Levels and vault maps discovered:
D:1:      dpeg_arrival_stone_temple_mockup, layout_basic, minivault_26
D:2:      layout_basic, chequers_ecumenical_altar_simple_redux,
          ebering_dispersal_statue_hall, minmay_pentomino_v2
D:3:      layout_loops_ring, minitemple, minmay_misc_feat_cross, uniq_jessica
D:4:      layout_basic, gammafunk_temple_overflow_claw,
          minmay_temple_entry_nine_rooms, first_ration
D:5:      layout_basic, minmay_fractal_squares_5, uniq_sigmund
D:6:      layout_basic, gup_ossuary_entry_pyramid, uniq_pikel
D:7:      layout_basic
D:8:      layout_basic
D:9:      layout_loops_corners, amethyst_overflow_temple_binary, serial_shops,
          shop, basic_altar
D:10:     layout_roguey, david_lair_generic, the_bakery, wad_mini_maze,
          uniq_josephine, uniq_nergalle, uniq_psyche
D:11:     layout_layer_cave, nicolae_underground_beach, uniq_urug
D:12:     layout_stronghold, erik_orc_1, portal_ice_cave_entry_imps,
          feat_on_display

Skill      XL: |  1  2  3  4  5  6  7  8  9 10 11 12 |
---------------+-------------------------------------+-----
Invocations    | 1 2 3 4 5 6 7 |  7.7
Short Blades   | 1 2 3 4 5 6 7 |  7.1
Long Blades    | 1 2 3 4 5 6 7 |  7.1
Maces & Flails | 1 2 3 4 5 6 7 |  7.1
Polearms       | 1 2 3 4 5 6 7 |  7.1
Staves         | 1 2 3 4 5 6 7 |  7.1
Slings         | 1 2 3 4 5 6 7 |  7.1
Bows           | 1 2 3 4 5 6 7 |  7.1
Crossbows      | 1 2 3 4 5 6 7 |  7.1
Throwing       | 1 2 3 4 5 6 7 |  7.1
Dodging        | 1 2 3 4 5 6 7 |  7.1
Stealth        | 1 2 3 4 5 6 7 |  7.1
Unarmed Combat | 1 2 3 4 5 6 7 |  7.1
Spellcasting   | 1 2 3 4 5 6 7 |  7.1
Evocations     | 1 2 3 4 5 6 7 |  7.1
Conjurations   | 1 2 3 4 5 |  5.8
Hexes          | 1 2 3 4 5 |  5.8
Charms         | 1 2 3 4 5 |  5.8
Summonings     | 1 2 3 4 5 |  5.8
Necromancy     | 1 2 3 4 5 |  5.8
Translocations | 1 2 3 4 5 |  5.8
Transmutations | 1 2 3 4 5 |  5.8
Fire Magic     | 1 2 3 4 5 |  5.8
Ice Magic      | 1 2 3 4 5 |  5.8
Air Magic      | 1 2 3 4 5 |  5.8
Earth Magic    | 1 2 3 4 5 |  5.8
Poison Magic   | 1 2 3 4 5 |  5.8
Axes           | 5 6 7 8 |  8.5
Fighting       | 7 8 9 |  9.7
Armour         | 7 8 9 |  9.7
Shields        | 7 8 9 |  9.7

Action                   |  1- 3 |  4- 6 |  7- 9 | 10-12 || total
-------------------------+-------+-------+-------+-------++-------
Melee: War axe           |    47 |   134 |       |       ||   181
       Bite              |     4 |    23 |    82 |   192 ||   301
       Spear             |       |    29 |   533 |  1232 ||  1794
Invok: Heroism           |       |       |     4 |     4 ||     8
       Finesse           |       |       |       |     1 ||     1
Evoke: Wand              |       |       |       |     4 ||     4
       Phantom mirror    |       |       |       |     1 ||     1
  Use: Potion            |       |       |     3 |     4 ||     7
       Scroll            |       |       |       |    11 ||    11
  Eat: Chunk             |       |     7 |    12 |    31 ||    50
       Ration            |       |       |     1 |     2 ||     3
Armor: Scale mail        |    15 |    42 |    23 |       ||    80
       Chain mail        |       |       |   107 |   297 ||   404
Dodge: Dodged            |    14 |    50 |    97 |   269 ||   430
Block: Kite shield       |    26 |   108 |   382 |   863 ||  1379
       Reflection        |       |       |     8 |    20 ||    28
